General information
- name: BNet
- type: Ladder team game (AT/RT)
- host: Battle.net
- saver: Pissant
map: GolemsInTheMist
- players: 8
- length: 61:23
- speed: Fast
- version: 1.26 W3XP
- replay type: Public
» download(289 KB)
Players
team 1 (loser)
Helloo (
teal | 58 APM | 1054 actions | 18:05)
2 Blademaster
1 Wind Walk
1 Critical Strike
2 Shadow Hunter
1 Healing Wave
1 Hex
» actions
| Assign group hotkey | 35 | |
| Basic commands | 28 | |
| Build / train | 55 | |
| ESC pressed | 2 | |
| Enter build submenu | 27 | |
| Enter hero's abilities submenu | 4 | |
| Give item / drop item | 1 | |
| Right click | 406 | |
| Select / deselect | 199 | |
| Select group hotkey | 227 | |
| Use ability | 70 | |
1054 total
» units
| Peon | 11 | |
| Raider | 8 | |
| Troll Witch Doctor | 2 | |
21 total
» upgrades
| Melee Weapons | 3 | |
| Armor | 3 | |
| Ensnare | 1 | |
| Shaman Training | 2 | |
| Witch Doctor Training | 2 | |
11 total
» buildings
| Altar of Storms | 1 | |
| Orc Burrow | 7 | |
| War Mill | 1 | |
| Voodoo Lounge | 1 | |
| Watch Tower | 6 | |
| Stronghold | 1 | |
| Beastiary | 2 | |
| Spirit Lodge | 2 | |
| Fortress | 1 | |
22 total
» build order
00:06 Altar of Storms
00:08 Orc Burrow
01:05 War Mill
01:40 Voodoo Lounge
02:19 Watch Tower
02:25 Watch Tower
03:01 Watch Tower
03:04 Watch Tower
03:07 Watch Tower
03:40 Stronghold
03:50 Orc Burrow
05:05 Orc Burrow
06:11 Beastiary
06:16 Beastiary
07:25 Orc Burrow
07:26 Orc Burrow
09:23 Spirit Lodge
09:31 Spirit Lodge
12:32 Fortress
13:47 Orc Burrow
13:53 Orc Burrow
17:21 Watch Tower
» items
| Healing Salve | 1 | |
| Lesser Clarity Potion | 5 | |
| Scroll of Speed | 3 | |
| Potion of Mana | 2 | |
| Potion of Healing | 1 | |
12 total
ForGlory-Sparta (
blue | 44 APM | 2708 actions | 61:21)
10 Archmage
3 Summon Water Elemental
3 Brilliance Aura
1 Mass Teleport
3 Blizzard
» actions
| Assign group hotkey | 73 | |
| Basic commands | 57 | |
| Build / train | 114 | |
| Enter build submenu | 65 | |
| Enter hero's abilities submenu | 11 | |
| Remove unit from queue | 2 | |
| Right click | 1387 | |
| Select / deselect | 458 | |
| Select group hotkey | 211 | |
| Use ability | 330 | |
2708 total
» units
| Peasant | 16 | |
| Footman | 4 | |
| Goblin Shredder | 2 | |
| Gryphon Rider | 11 | |
| Goblin Sapper | 8 | |
41 total
» upgrades
| Storm Hammers | 1 | |
| Cloud | 1 | |
| Masonry | 3 | |
| Swords | 3 | |
| Armor | 3 | |
| Animal War Training | 1 | |
12 total
» buildings
| Altar of Kings | 1 | |
| Barracks | 1 | |
| Farm | 7 | |
| Arcane Vault | 2 | |
| Keep | 1 | |
| Lumber Mill | 2 | |
| Castle | 1 | |
| Town Hall | 2 | |
| Scout Tower | 150 | |
| Gryphon Aviary | 4 | |
| Guard Tower | 10 | |
| Blacksmith | 2 | |
| Moon Well | 6 | |
| Arcane Tower | 12 | |
201 total
» build order
00:42 Altar of Kings
00:43 Barracks
00:50 Farm
00:51 Farm
01:05 Farm
02:05 Farm
03:08 Arcane Vault
03:39 Keep
03:45 Farm
04:37 Lumber Mill
06:17 Castle
06:59 Town Hall
07:03 Scout Tower
07:04 Scout Tower
07:04 Scout Tower
07:05 Scout Tower
07:23 Gryphon Aviary
07:24 Gryphon Aviary
07:25 Gryphon Aviary
07:27 Gryphon Aviary
08:39 Guard Tower
09:49 Blacksmith
09:52 Blacksmith
09:57 Town Hall
10:02 Scout Tower
10:05 Scout Tower
10:08 Scout Tower
10:12 Scout Tower
10:19 Scout Tower
10:19 Scout Tower
10:21 Scout Tower
10:22 Scout Tower
11:48 Guard Tower
11:57 Scout Tower
11:59 Scout Tower
12:00 Scout Tower
12:01 Scout Tower
12:02 Scout Tower
12:02 Scout Tower
12:03 Scout Tower
12:04 Scout Tower
12:32 Guard Tower
12:34 Guard Tower
12:51 Lumber Mill
13:11 Guard Tower
13:35 Guard Tower
14:54 Scout Tower
14:54 Scout Tower
14:56 Scout Tower
14:57 Scout Tower
14:59 Scout Tower
15:00 Scout Tower
16:12 Guard Tower
16:31 Guard Tower
16:35 Farm
16:36 Farm
17:21 Guard Tower
17:22 Guard Tower
18:39 Arcane Vault
28:59 Moon Well
28:59 Moon Well
28:59 Moon Well
29:00 Moon Well
29:00 Moon Well
39:56 Scout Tower
39:57 Scout Tower
39:58 Scout Tower
39:59 Scout Tower
40:00 Scout Tower
40:01 Scout Tower
40:03 Scout Tower
40:04 Scout Tower
40:05 Scout Tower
40:06 Scout Tower
40:07 Scout Tower
40:08 Scout Tower
40:09 Scout Tower
40:10 Scout Tower
40:12 Scout Tower
40:20 Scout Tower
40:21 Scout Tower
40:22 Scout Tower
40:23 Scout Tower
40:24 Scout Tower
40:26 Scout Tower
40:27 Scout Tower
40:28 Scout Tower
40:30 Scout Tower
40:32 Scout Tower
40:33 Scout Tower
40:34 Scout Tower
40:35 Scout Tower
40:36 Scout Tower
40:38 Scout Tower
40:39 Scout Tower
40:40 Scout Tower
40:42 Scout Tower
40:43 Scout Tower
40:47 Scout Tower
40:48 Scout Tower
40:49 Scout Tower
40:50 Scout Tower
40:51 Scout Tower
40:53 Scout Tower
40:54 Scout Tower
40:56 Scout Tower
40:57 Scout Tower
40:59 Scout Tower
40:59 Scout Tower
41:00 Scout Tower
41:01 Scout Tower
41:02 Scout Tower
41:04 Scout Tower
41:42 Scout Tower
41:43 Scout Tower
41:45 Scout Tower
41:45 Scout Tower
41:47 Scout Tower
41:48 Scout Tower
41:49 Scout Tower
41:50 Scout Tower
41:51 Scout Tower
41:55 Scout Tower
41:56 Scout Tower
41:57 Scout Tower
41:58 Scout Tower
41:59 Scout Tower
42:01 Scout Tower
42:03 Scout Tower
42:04 Scout Tower
42:10 Scout Tower
42:11 Scout Tower
42:12 Scout Tower
42:15 Scout Tower
42:16 Scout Tower
42:17 Scout Tower
42:18 Scout Tower
42:19 Scout Tower
42:21 Scout Tower
42:25 Scout Tower
42:27 Scout Tower
42:29 Scout Tower
43:54 Scout Tower
44:15 Scout Tower
44:25 Scout Tower
44:26 Scout Tower
44:27 Scout Tower
44:29 Scout Tower
44:30 Scout Tower
44:31 Scout Tower
44:32 Scout Tower
44:33 Scout Tower
44:35 Scout Tower
44:38 Scout Tower
44:39 Scout Tower
44:40 Scout Tower
44:41 Scout Tower
44:42 Scout Tower
44:43 Scout Tower
44:47 Scout Tower
44:48 Scout Tower
44:49 Scout Tower
44:51 Scout Tower
44:53 Scout Tower
44:55 Scout Tower
44:56 Scout Tower
44:57 Scout Tower
44:59 Scout Tower
45:03 Scout Tower
45:04 Scout Tower
45:05 Scout Tower
45:07 Scout Tower
45:08 Scout Tower
45:10 Scout Tower
45:11 Scout Tower
45:12 Scout Tower
45:14 Scout Tower
45:15 Scout Tower
45:16 Scout Tower
45:30 Scout Tower
45:31 Scout Tower
45:32 Scout Tower
45:33 Scout Tower
45:56 Arcane Tower
45:57 Arcane Tower
45:59 Arcane Tower
46:01 Arcane Tower
46:46 Scout Tower
46:47 Scout Tower
47:35 Scout Tower
47:56 Scout Tower
47:59 Scout Tower
48:10 Arcane Tower
48:11 Arcane Tower
48:13 Arcane Tower
48:15 Arcane Tower
48:17 Arcane Tower
48:20 Arcane Tower
48:28 Arcane Tower
48:30 Arcane Tower
» items
| Scroll of Regeneration | 12 | |
| Scroll of Town Portal | 3 | |
| Mechanical Critter | 3 | |
| Potion of Healing | 6 | |
24 total
Mechwar91 (
purple | 48 APM | 971 actions | 20:14)
3 Priestess of the Moon
1 Searing Arrows
2 Trueshot Aura
» actions
| Basic commands | 52 | |
| Build / train | 51 | |
| Enter build submenu | 15 | |
| Enter hero's abilities submenu | 3 | |
| Remove unit from queue | 3 | |
| Right click | 515 | |
| Select / deselect | 303 | |
| Use ability | 29 | |
971 total
» units
| Wisp | 15 | |
| Huntress | 9 | |
| Goblin Shredder | 1 | |
| Goblin Zeppelin | 1 | |
| Archer | 10 | |
36 total
» upgrades
| Strength of the Moon | 2 | |
| Moon Armor | 2 | |
| Ultravision | 1 | |
| Improved Bows | 1 | |
6 total
» buildings
| Moon Well | 8 | |
| Altar of Elders | 1 | |
| Hunter's Hall | 1 | |
| Ancient of War | 2 | |
| Tree of Life | 2 | |
| Tree of Ages | 1 | |
| Tree of Eternity | 1 | |
16 total
» build order
00:14 Moon Well
00:20 Altar of Elders
01:11 Hunter's Hall
01:30 Moon Well
02:14 Ancient of War
02:24 Ancient of War
02:48 Moon Well
03:43 Moon Well
04:38 Moon Well
08:10 Tree of Life
12:04 Tree of Life
13:25 Moon Well
13:36 Tree of Ages
14:30 Moon Well
17:26 Tree of Eternity
17:49 Moon Well
bobbbobbbobbbob (
green | 28 APM | 449 actions | 15:50)
1 Demon Hunter
1 Immolation
1 Warden
1 Shadow Strike
» actions
| Basic commands | 12 | |
| Build / train | 40 | |
| ESC pressed | 3 | |
| Enter build submenu | 14 | |
| Enter hero's abilities submenu | 2 | |
| Right click | 137 | |
| Select / deselect | 194 | |
| Use ability | 47 | |
449 total
» units
| Wisp | 23 | |
| Huntress | 3 | |
| Druid of the Claw | 1 | |
| Dryad | 1 | |
28 total
» upgrades
| Abolish Magic | 1 | |
| Druid of the Claw Training | 2 | |
| Resistant Skin | 1 | |
| Hardened Skin | 1 | |
| Mark of the Claw | 1 | |
6 total
» buildings
| Altar of Elders | 1 | |
| Moon Well | 5 | |
| Ancient of War | 1 | |
| Hunter's Hall | 1 | |
| Ancient of Wonders | 1 | |
| Tree of Ages | 1 | |
| Tree of Life | 1 | |
| Tree of Eternity | 1 | |
| Ancient of Lore | 3 | |
15 total
» build order
00:10 Altar of Elders
00:21 Moon Well
00:34 Ancient of War
01:28 Moon Well
02:10 Hunter's Hall
02:26 Ancient of Wonders
02:33 Moon Well
03:30 Moon Well
03:49 Tree of Ages
05:03 Tree of Life
06:11 Tree of Eternity
06:15 Ancient of Lore
06:17 Ancient of Lore
06:20 Ancient of Lore
09:13 Moon Well
team 2 (winner)
Pissant (
yellow | 70 APM | 4301 actions | 61:23)
4 Blood Mage
2 Flame Strike
2 Siphon Mana
» actions
| Assign group hotkey | 74 | |
| Basic commands | 362 | |
| Build / train | 282 | |
| ESC pressed | 18 | |
| Enter build submenu | 83 | |
| Enter hero's abilities submenu | 4 | |
| Give item / drop item | 1 | |
| Remove unit from queue | 2 | |
| Right click | 1473 | |
| Select / deselect | 687 | |
| Select group hotkey | 982 | |
| Use ability | 333 | |
4301 total
» units
| Peasant | 21 | |
| Footman | 6 | |
| Goblin Zeppelin | 15 | |
| Goblin Shredder | 9 | |
| Sorceress | 2 | |
| Gryphon Rider | 4 | |
| Goblin Sapper | 13 | |
| Siege Engine | 2 | |
| Knight | 1 | |
| Spell Breaker | 1 | |
74 total
» upgrades
| Masonry | 3 | |
| Defend | 1 | |
| Lumber Harvesting | 2 | |
| Sorceress Training | 2 | |
| Magic Sentry | 1 | |
| Storm Hammers | 1 | |
| Cloud | 1 | |
| Animal War Training | 1 | |
| Swords | 3 | |
| Armor | 3 | |
| Gunpowder | 3 | |
| Plating | 3 | |
| Priest Training | 2 | |
| Control Magic | 1 | |
| Fragmentation Shards | 1 | |
| Flare | 1 | |
| Flak Cannons | 1 | |
| Flying Machine Bombs | 1 | |
| Barrage | 1 | |
| Backpack | 1 | |
| Long Rifles | 1 | |
34 total
» buildings
| Altar of Kings | 1 | |
| Barracks | 1 | |
| Farm | 10 | |
| Arcane Vault | 1 | |
| Scout Tower | 65 | |
| Arcane Tower | 8 | |
| Town Hall | 3 | |
| Keep | 1 | |
| Lumber Mill | 1 | |
| Guard Tower | 59 | |
| Arcane Sanctum | 1 | |
| Castle | 4 | |
| Gryphon Aviary | 4 | |
| Blacksmith | 2 | |
| Workshop | 4 | |
| Cannon Tower | 36 | |
201 total
» build order
00:53 Altar of Kings
00:55 Barracks
00:57 Farm
01:09 Farm
01:40 Farm
02:13 Farm
02:17 Arcane Vault
02:50 Scout Tower
03:16 Arcane Tower
03:16 Arcane Tower
03:17 Arcane Tower
04:27 Town Hall
05:45 Keep
05:50 Farm
05:56 Lumber Mill
06:11 Scout Tower
06:15 Scout Tower
06:44 Arcane Tower
07:12 Guard Tower
08:09 Arcane Sanctum
08:13 Castle
08:13 Castle
08:13 Castle
08:36 Guard Tower
08:37 Guard Tower
08:37 Guard Tower
08:37 Guard Tower
08:37 Guard Tower
08:38 Guard Tower
08:38 Guard Tower
09:04 Scout Tower
09:06 Scout Tower
09:08 Scout Tower
09:10 Scout Tower
09:11 Scout Tower
09:12 Scout Tower
09:41 Guard Tower
10:33 Scout Tower
10:35 Scout Tower
11:04 Arcane Tower
11:04 Arcane Tower
11:48 Guard Tower
11:54 Gryphon Aviary
11:55 Gryphon Aviary
11:56 Gryphon Aviary
11:57 Gryphon Aviary
12:16 Blacksmith
12:18 Blacksmith
13:45 Farm
13:46 Farm
18:47 Town Hall
18:50 Scout Tower
18:51 Scout Tower
18:54 Scout Tower
18:54 Scout Tower
18:57 Scout Tower
18:57 Scout Tower
18:59 Scout Tower
19:01 Scout Tower
19:15 Scout Tower
19:15 Scout Tower
19:16 Scout Tower
19:16 Scout Tower
19:20 Scout Tower
19:21 Scout Tower
19:22 Scout Tower
19:50 Guard Tower
19:50 Guard Tower
19:52 Guard Tower
19:53 Guard Tower
19:57 Guard Tower
19:58 Guard Tower
19:58 Guard Tower
19:58 Guard Tower
20:00 Guard Tower
20:00 Guard Tower
20:07 Guard Tower
20:08 Guard Tower
20:45 Workshop
20:46 Workshop
20:47 Workshop
20:48 Workshop
28:47 Town Hall
28:52 Scout Tower
28:54 Scout Tower
29:24 Guard Tower
29:24 Guard Tower
29:24 Guard Tower
29:24 Guard Tower
29:25 Guard Tower
29:25 Guard Tower
29:25 Guard Tower
29:32 Guard Tower
29:32 Guard Tower
29:56 Guard Tower
29:56 Guard Tower
29:56 Guard Tower
30:10 Guard Tower
30:10 Guard Tower
30:10 Guard Tower
30:24 Guard Tower
30:24 Guard Tower
30:25 Guard Tower
30:52 Guard Tower
30:53 Guard Tower
36:59 Farm
37:01 Farm
37:04 Farm
37:34 Scout Tower
37:35 Scout Tower
37:37 Scout Tower
37:38 Scout Tower
37:41 Scout Tower
37:42 Scout Tower
37:44 Scout Tower
37:58 Scout Tower
38:00 Scout Tower
38:01 Scout Tower
38:03 Scout Tower
38:05 Scout Tower
38:06 Scout Tower
38:07 Scout Tower
38:09 Scout Tower
38:33 Scout Tower
38:34 Scout Tower
38:35 Scout Tower
38:37 Scout Tower
38:47 Scout Tower
38:48 Scout Tower
39:00 Scout Tower
39:01 Scout Tower
39:02 Scout Tower
39:04 Scout Tower
39:06 Scout Tower
39:07 Scout Tower
39:18 Scout Tower
39:19 Scout Tower
39:20 Scout Tower
39:23 Scout Tower
39:27 Scout Tower
39:28 Scout Tower
39:30 Scout Tower
39:31 Scout Tower
39:32 Scout Tower
39:41 Scout Tower
39:47 Cannon Tower
39:47 Cannon Tower
39:47 Cannon Tower
39:48 Cannon Tower
39:48 Cannon Tower
39:48 Cannon Tower
39:49 Cannon Tower
39:50 Cannon Tower
39:51 Cannon Tower
39:51 Cannon Tower
39:51 Cannon Tower
39:57 Cannon Tower
39:57 Cannon Tower
39:57 Cannon Tower
39:57 Cannon Tower
40:06 Cannon Tower
40:07 Cannon Tower
40:07 Cannon Tower
40:17 Cannon Tower
40:17 Cannon Tower
40:18 Cannon Tower
40:18 Cannon Tower
40:25 Cannon Tower
40:32 Cannon Tower
» items
| Scroll of Regeneration | 3 | |
| Ivory Tower | 12 | |
| Lesser Clarity Potion | 1 | |
| Scroll of Town Portal | 2 | |
| Staff of Sanctuary | 1 | |
| Potion of Healing | 1 | |
| Orb of Lightning | 1 | |
| Tiny Great Hall | 3 | |
24 total
CARRACER. (
pink | 45 APM | 2745 actions | 61:21)
3 Shadow Hunter
1 Hex
2 Healing Wave
3 Blademaster
2 Wind Walk
1 Critical Strike
3 Tauren Chieftain
2 War Stomp
1 Endurance Aura
» actions
| Assign group hotkey | 83 | |
| Basic commands | 144 | |
| Build / train | 87 | |
| Enter build submenu | 52 | |
| Enter hero's abilities submenu | 11 | |
| Give item / drop item | 2 | |
| Remove unit from queue | 1 | |
| Right click | 910 | |
| Select / deselect | 641 | |
| Select group hotkey | 695 | |
| Use ability | 119 | |
2745 total
» units
| Peon | 9 | |
| Goblin Shredder | 31 | |
| Wind Rider | 4 | |
| Goblin Zeppelin | 5 | |
| Raider | 3 | |
52 total
» upgrades
| Ranged Weapons | 3 | |
| Reinforced Defenses | 1 | |
| Envenomed Spears | 1 | |
| Armor | 3 | |
8 total
» buildings
| Altar of Storms | 1 | |
| Orc Burrow | 39 | |
| Voodoo Lounge | 2 | |
| Stronghold | 1 | |
| War Mill | 1 | |
| Beastiary | 4 | |
| Watch Tower | 18 | |
| Fortress | 1 | |
| Great Hall | 2 | |
69 total
» build order
00:07 Altar of Storms
00:17 Orc Burrow
01:29 Voodoo Lounge
02:10 Stronghold
02:29 War Mill
03:01 Orc Burrow
03:05 Orc Burrow
03:54 Orc Burrow
04:47 Beastiary
04:49 Beastiary
06:51 Watch Tower
06:53 Watch Tower
07:22 Watch Tower
07:24 Watch Tower
07:30 Fortress
08:45 Great Hall
08:48 Watch Tower
08:49 Watch Tower
08:52 Watch Tower
09:14 Orc Burrow
11:01 Watch Tower
11:01 Watch Tower
11:37 Watch Tower
11:37 Watch Tower
12:07 Watch Tower
12:33 Watch Tower
12:33 Watch Tower
12:55 Watch Tower
12:55 Watch Tower
13:14 Orc Burrow
13:15 Orc Burrow
14:02 Beastiary
14:04 Beastiary
14:47 Watch Tower
14:48 Watch Tower
18:21 Great Hall
21:55 Voodoo Lounge
22:37 Orc Burrow
36:24 Orc Burrow
36:28 Orc Burrow
36:29 Orc Burrow
36:31 Orc Burrow
36:35 Orc Burrow
36:43 Orc Burrow
36:51 Orc Burrow
37:33 Orc Burrow
37:34 Orc Burrow
37:36 Orc Burrow
37:37 Orc Burrow
37:39 Orc Burrow
37:42 Orc Burrow
37:43 Orc Burrow
37:45 Orc Burrow
37:48 Orc Burrow
37:55 Orc Burrow
38:44 Orc Burrow
38:45 Orc Burrow
40:03 Orc Burrow
40:35 Orc Burrow
40:38 Orc Burrow
40:46 Orc Burrow
40:47 Orc Burrow
41:04 Orc Burrow
41:06 Orc Burrow
41:13 Orc Burrow
42:01 Orc Burrow
42:06 Orc Burrow
42:18 Orc Burrow
42:43 Orc Burrow
» items
| Healing Salve | 1 | |
| Lesser Clarity Potion | 2 | |
| Scroll of Town Portal | 5 | |
| Potion of Mana | 1 | |
| Staff of Sanctuary | 3 | |
12 total

»
LOBOFURTIVO (
orange | 23 APM | 1397 actions | 61:21)
4 Archmage
2 Summon Water Elemental
2 Brilliance Aura
4 Paladin
2 Holy Light
1 Divine Shield
1 Devotion Aura
» actions
| Assign group hotkey | 76 | |
| Basic commands | 105 | |
| Build / train | 84 | |
| Enter build submenu | 26 | |
| Enter hero's abilities submenu | 8 | |
| Right click | 306 | |
| Select / deselect | 332 | |
| Select group hotkey | 348 | |
| Use ability | 112 | |
1397 total
» units
| Peasant | 19 | |
| Footman | 4 | |
| Goblin Shredder | 5 | |
| Mortar Team | 5 | |
| Priest | 3 | |
| Siege Engine | 5 | |
| Goblin Zeppelin | 1 | |
| Flying Machine | 4 | |
46 total
» upgrades
| Defend | 1 | |
| Masonry | 3 | |
| Plating | 3 | |
| Gunpowder | 3 | |
| Armor | 2 | |
| Fragmentation Shards | 1 | |
| Flare | 1 | |
| Barrage | 1 | |
| Magic Sentry | 1 | |
| Priest Training | 2 | |
| Flak Cannons | 1 | |
| Flying Machine Bombs | 1 | |
20 total
» buildings
| Farm | 16 | |
| Altar of Kings | 1 | |
| Barracks | 1 | |
| Blacksmith | 1 | |
| Scout Tower | 8 | |
| Arcane Tower | 2 | |
| Lumber Mill | 1 | |
| Arcane Vault | 1 | |
| Keep | 1 | |
| Castle | 1 | |
| Workshop | 2 | |
| Arcane Sanctum | 1 | |
| Guard Tower | 2 | |
| Town Hall | 2 | |
40 total
» build order
00:29 Farm
00:40 Altar of Kings
00:44 Barracks
00:55 Farm
01:29 Blacksmith
01:39 Farm
02:06 Scout Tower
02:16 Farm
02:17 Farm
02:18 Farm
03:10 Arcane Tower
03:58 Lumber Mill
04:07 Arcane Vault
04:36 Keep
07:19 Castle
07:47 Workshop
07:58 Arcane Sanctum
08:11 Workshop
08:19 Scout Tower
08:21 Scout Tower
08:24 Scout Tower
08:29 Scout Tower
08:34 Farm
08:36 Farm
08:37 Farm
08:39 Farm
08:41 Farm
08:47 Farm
09:12 Guard Tower
09:46 Arcane Tower
12:37 Scout Tower
12:37 Scout Tower
12:40 Scout Tower
13:50 Guard Tower
15:33 Farm
15:34 Farm
15:35 Farm
15:38 Farm
24:21 Town Hall
28:00 Town Hall
» items
GeneralOverton (
red | 19 APM | 1105 actions | 59:09)
2 Blood Mage
1 Flame Strike
1 Siphon Mana
1 Archmage
1 Brilliance Aura
» actions
| Assign group hotkey | 19 | |
| Basic commands | 4 | |
| Build / train | 91 | |
| ESC pressed | 2 | |
| Enter build submenu | 22 | |
| Enter hero's abilities submenu | 3 | |
| Give item / drop item | 1 | |
| Remove unit from queue | 5 | |
| Right click | 282 | |
| Select / deselect | 399 | |
| Select group hotkey | 181 | |
| Use ability | 96 | |
1105 total
» units
| Peasant | 12 | |
| Footman | 10 | |
| Spell Breaker | 4 | |
| Flying Machine | 14 | |
| Priest | 1 | |
| Sorceress | 2 | |
43 total
» upgrades
| Lumber Harvesting | 1 | |
| Masonry | 3 | |
| Magic Sentry | 1 | |
| Priest Training | 2 | |
| Sorceress Training | 2 | |
| Flak Cannons | 1 | |
| Control Magic | 1 | |
11 total
» buildings
| Barracks | 1 | |
| Altar of Kings | 1 | |
| Farm | 9 | |
| Arcane Vault | 1 | |
| Scout Tower | 21 | |
| Arcane Tower | 4 | |
| Lumber Mill | 2 | |
| Keep | 1 | |
| Guard Tower | 7 | |
| Arcane Sanctum | 4 | |
| Castle | 1 | |
| Blacksmith | 1 | |
| Workshop | 1 | |
| Cannon Tower | 1 | |
55 total
» build order
00:12 Barracks
00:18 Altar of Kings
00:50 Farm
00:52 Farm
02:29 Arcane Vault
02:32 Farm
02:33 Farm
03:54 Scout Tower
04:00 Scout Tower
04:35 Arcane Tower
05:07 Farm
05:08 Farm
05:10 Farm
05:42 Lumber Mill
06:09 Scout Tower
06:47 Arcane Tower
07:02 Keep
07:11 Scout Tower
07:13 Scout Tower
07:19 Lumber Mill
08:08 Guard Tower
08:28 Guard Tower
08:36 Scout Tower
08:38 Scout Tower
08:40 Scout Tower
08:42 Scout Tower
08:43 Scout Tower
08:45 Scout Tower
08:47 Scout Tower
08:51 Scout Tower
08:52 Scout Tower
09:14 Guard Tower
09:43 Guard Tower
10:17 Guard Tower
11:25 Arcane Tower
11:28 Arcane Tower
11:30 Guard Tower
11:43 Farm
11:44 Farm
12:34 Arcane Sanctum
12:36 Arcane Sanctum
12:39 Arcane Sanctum
12:42 Arcane Sanctum
13:48 Scout Tower
13:50 Scout Tower
13:52 Scout Tower
13:55 Scout Tower
15:32 Castle
16:56 Scout Tower
17:16 Blacksmith
17:49 Workshop
18:15 Guard Tower
18:19 Cannon Tower
18:50 Scout Tower
18:51 Scout Tower
» items
| Mechanical Critter | 1 | |
| Scroll of Regeneration | 1 | |
| Lesser Clarity Potion | 1 | |
| Scroll of Town Portal | 2 | |
| Potion of Healing | 3 | |
| Ivory Tower | 4 | |
| Tiny Great Hall | 1 | |
13 total
Chat log
(00:13 / All) CARRACER.: its a level one world
(00:14 / Allies) LOBOFURTIVO: foots mortars,
(00:31 / Allies) GeneralOverton: all arcuem stancum units
(00:33 / Allies) GeneralOverton: am
(00:40 / Allies) GeneralOverton: bm then am
(01:02 / All) ForGlory-Sparta: I'm here to tell you about the legend of Joe Cobb-Campbell
(01:09 / All) CARRACER.: oh i see
(01:12 / Allies) CARRACER.: red
(01:17 / Allies) GeneralOverton: yes
(01:32 / Allies) Pissant: I'm taking this expo so don't you get no funny business and make a blood mage too orange
(01:33 / Allies) CARRACER.: go bloodmge?
(01:36 / Allies) CARRACER.: i want an expo
(01:45 / All) ForGlory-Sparta: But you see ladies and gentleman, the apple had fallen very far from the tree
(01:49 / Allies) GeneralOverton: i need that expo
(01:54 / Allies) GeneralOverton: goingbm just for it
(01:56 / Allies) CARRACER.: i would like it
(01:59 / Allies) CARRACER.: ill give u gold
(02:05 / Allies) Pissant: let pink have it he's better I've playedh im lots of times
(02:17 / Allies) GeneralOverton: hes lvl 1...
(02:23 / Allies) Pissant: yeah I've played him a lot
(02:33 / All) ForGlory-Sparta: Whereas Ty Cobb was a man known for discipline and erudition -- at least when it came to baseball -- and eloquence, Joe Cobb
(02:36 / Allies) CARRACER.: deal red?
(02:49 / All) ForGlory-Sparta: -Campbell was more known for his enormous girth and anime collection
(02:58 / All) bobbbobbbobbbob: best character on wc3 this guy is
(03:17 / All) ForGlory-Sparta: Aye, he was quite the character in Warcraft III
(03:30 / All) ForGlory-Sparta: Where he proudly professed to raping his sister and his mother
(04:35 / Allies) Pissant: Orange I need these trees to proect my expo
(04:39 / Allies) Pissant: stop cutting them down please
(04:49 / Allies) LOBOFURTIVO: i was cutting this trees
(04:56 / Allies) Pissant: yeah and I have an expo
(05:06 / All) ForGlory-Sparta: I wanted to tell the tale of Joe Cobb-Campbell but it takes too much from my limited APM bank
(05:26 / Allies) CARRACER.: red help me get shredder plz
(06:59 / All) Helloo: LOOL
(08:55 / Allies) Pissant: zeppelin
(10:20 / All) bobbbobbbobbbob: purp is TK
(10:34 / Allies) CARRACER.: red come to my base
(10:46 / Allies) GeneralOverton: k
(11:49 / All) bobbbobbbobbbob: purp is TK fyi
(12:00 / All) GeneralOverton: quit then
(12:04 / All) GeneralOverton: jeez
(12:12 / Allies) CARRACER.: come red
(12:14 / Allies) CARRACER.: lets get teal
(12:15 / Allies) CARRACER.: focus his sh
(12:53 / Allies) GeneralOverton: need tp
(13:20 / All) ForGlory-Sparta: how did this fight begin, brothers?
(13:20 / Allies) GeneralOverton: get treed
(13:21 / Allies) CARRACER.: nono
(13:30 / Allies) CARRACER.: hit teal
(14:02 / All) bobbbobbbobbbob: purp couldn't stand being last to an expo
(14:04 / All) bobbbobbbobbbob: so he TK
(14:08 / All) Mechwar91: its funny how green has no army
(14:13 / All) Mechwar91: and he wanted to fight me
(14:16 / All) Mechwar91: fight me?
(14:17 / All) Mechwar91: LOL
(14:21 / All) bobbbobbbobbbob: notice that I killed them on purpose? you're pitiful son
(14:38 / All) bobbbobbbobbbob: hahaha
(14:43 / All) bobbbobbbobbbob: ok kid
(14:59 / All) bobbbobbbobbbob: only teenages use text speak in real life
(15:08 / All) bobbbobbbobbbob: i bet you don't even have a drivers license
(15:17 / All) bobbbobbbobbbob: sure thing, kid
(15:38 / All) bobbbobbbobbbob: hahahaha, you're proud of having a drivers license
(15:41 / All) bobbbobbbobbbob: you're pathetic
(15:46 / All) bobbbobbbobbbob: go suck your mothers rotten cunt
(15:47 / Allies) GeneralOverton: i have lots o towers
(15:48 / All) bobbbobbbobbbob: faggot
(15:51 / Allies) GeneralOverton: please help
(16:34 / Allies) GeneralOverton: who has aa?
(17:36 / Allies) GeneralOverton: pink tp
(17:43 / Allies) CARRACER.: ok lol
(17:51 / Allies) GeneralOverton: u have aa
(17:53 / Allies) GeneralOverton: ..
(18:08 / All) GeneralOverton: gg
(19:15 / Allies) GeneralOverton: tping in 1
(19:21 / Allies) GeneralOverton: tp to oj guys
(19:28 / Allies) GeneralOverton: ff morts
(19:52 / Allies) GeneralOverton: gol,d please
(20:03 / Allies) GeneralOverton: pink gotta tp
(20:09 / Allies) CARRACER.: ok
(20:11 / All) Mechwar91: gg
(20:50 / Allies) GeneralOverton: gold please
(21:04 / Allies) GeneralOverton: thxs pink
(21:17 / Allies) GeneralOverton: thxs yellow
(21:24 / Allies) Pissant: np
(21:38 / All) CARRACER.: use that 100g with care red
(23:31 / Allies) GeneralOverton: hit pink?
(25:10 / Allies) GeneralOverton: gold please pink
(25:14 / All) CARRACER.: k
(25:25 / Allies) LOBOFURTIVO: gold for mine plz
(26:00 / Allies) LOBOFURTIVO: attack red
(26:35 / All) ForGlory-Sparta: hi there
(28:21 / Allies) LOBOFURTIVO: comoen get fuking units
(28:27 / Allies) Pissant: I'm comfortable without any
(28:29 / All) CARRACER.: ok man tauren?
(28:36 / Allies) Pissant: unless you want me to mass knights
(28:38 / Allies) GeneralOverton: u guys got this
(28:43 / Allies) Pissant: I don't make those often enough
(29:29 / Allies) Pissant: I'll reinforce your wlal for you red
(31:23 / All) CARRACER.: NINJA TURTLES
(31:57 / All) ForGlory-Sparta: You killed my pig, for that I'll have your head you fucking meat eating scumbag
(32:26 / All) ForGlory-Sparta: PIG KILLIN SON OF A BITCH
(32:53 / All) ForGlory-Sparta: GONNA MAKE PORK CHOPS? WELL I'LL MAKE STEW OUT OF YOUR LIVERS BOY
(33:30 / Allies) Pissant: Make a racetrack?
(33:40 / All) CARRACER.: yes lol
(33:43 / All) CARRACER.: been 3 years at least
(33:45 / All) CARRACER.: since we did that
(33:47 / Allies) GeneralOverton: lol pink
(33:50 / All) ForGlory-Sparta: I'LL TOSS YOUR LIVER IN TO MY STEW AND THEN PICK THE MEAT FROM YOUR BONES AND FRY IT UP
(33:53 / Allies) GeneralOverton: i love ur shredders
(33:54 / All) ForGlory-Sparta: EAT WITH FRANK'S RED HOT
(33:57 / All) CARRACER.: mini race track
(34:08 / All) ForGlory-Sparta: Ain't nobody got time for that
(34:25 / Allies) Pissant: lemme get 1 last tiny hall
(34:28 / Allies) GeneralOverton: omfg guys
(34:36 / All) CARRACER.: what
(34:36 / Allies) GeneralOverton: just win already
(34:40 / All) CARRACER.: we will red
(34:43 / Allies) Pissant: We need to build a race track first
(34:44 / Allies) GeneralOverton: jesus
(34:45 / All) CARRACER.: we got all the mines
(34:47 / Allies) Pissant: or else we never 'win'
(34:52 / Allies) GeneralOverton: lol
(34:53 / Allies) GeneralOverton: wtf
(34:55 / Allies) Pissant: yeah and he sucks and doesn't hit our mines
(35:18 / Allies) GeneralOverton: build one mine in the very middle and mine all four mines with that one hall and like 40 workers
(35:46 / All) CARRACER.: i say we make a small one
(35:54 / All) CARRACER.: in the middle
(37:17 / Allies) Pissant: I don't know how to do this I'll make a swastika out of cannon towers instead
(37:33 / All) GeneralOverton: LOL
(41:22 / All) CARRACER.: lol
(41:56 / All) CARRACER.: whose critter is that in middle
(42:59 / All) CARRACER.: its a ghetto track compared to our other one but it'll do
(43:25 / All) ForGlory-Sparta: What's my message say, reD?
(44:22 / Allies) GeneralOverton: haha
(44:32 / All) CARRACER.: uh it says
(44:40 / Allies) GeneralOverton: s n
(44:58 / All) GeneralOverton: whatcha spelling thr blue?
(45:33 / All) Pissant: SO FLY
(45:50 / All) ForGlory-Sparta: In red's base it will say "FAGGOT"
(46:03 / All) GeneralOverton: lol
(47:39 / All) CARRACER.: we cant read the one in bottom middle
(48:04 / All) Pissant: Not done yet
(48:12 / All) Pissant: The Mona Lisa wasn't painted in a day
(48:20 / All) Pissant: well maybe it was not sure if anyone has said how long it took but I can't imagine so
(48:53 / Allies) Pissant: If you only had a few running around that I wonder if you could position the cannon towers to attack ground without hitting any
(49:18 / All) ForGlory-Sparta: mana towers look fabulous
(49:38 / All) CARRACER.: there we go
(49:39 / All) CARRACER.: lol
(49:39 / Allies) Pissant: Good work
(49:41 / All) ForGlory-Sparta: POWER OF LOVE UP IN THIS BITCH
(49:56 / All) ForGlory-Sparta: MAGIC AND MIRACLES AND LOVE UP IN THIS BITCH
(51:00 / Allies) Pissant: has a peasant there too
(54:17 / All) Pissant: I'll really hate to ruin the swastika and fireworks to give us a loss
(54:25 / All) Pissant: I don't think I'll have the heart to do it, Turncoat will have to
(55:49 / All) CARRACER.: i watched ran today, good japanese movie i learned of by myself
(56:04 / All) CARRACER.: king lear spoof
(56:12 / All) ForGlory-Sparta: it's not a spoof
(57:53 / All) ForGlory-Sparta: Ran has the best battle scenes
(58:00 / All) CARRACER.: that old dude
(58:03 / All) CARRACER.: was freaky as hell
(58:08 / All) CARRACER.: why was he acting so weird
(58:26 / All) CARRACER.: and that chick who was decieving the son wsa nuts too
(58:36 / Allies) GeneralOverton: guys..
(58:37 / All) CARRACER.: who shot the good soin the end? it never said
(58:45 / Allies) GeneralOverton: y r u throwing ht egame?
(58:55 / All) ForGlory-Sparta: I'd have to watch it again
(58:55 / All) CARRACER.: red just asked why we're throwing the game
(59:08 / All) Pissant: Has he not figured it out?
(59:14 / All) Pissant: That was a fast leave
(59:23 / All) Pissant: 538-658 now
(59:26 / All) ForGlory-Sparta: It's not verbatim copy of King Lear
(59:35 / All) CARRACER.: ive had oj on my team before he is actually fairly dependable
(59:36 / All) ForGlory-Sparta: It's sons and not daughters for instance, but inspired by King Lear
(60:25 / All) ForGlory-Sparta: What's your favorite Alien movie Joe Cobb-Campbell?
(60:36 / All) CARRACER.: only seen the first one
(60:41 / All) ForGlory-Sparta: Did you like it
(60:56 / All) CARRACER.: yes but i didt pay attention in the beginning i have to watch it again
(61:19 / All) ForGlory-Sparta: If you watch Alien 3 get assembly cut, or work print if yo ucan find it